Map: King's Cove LE

Players

Awers

  • Race: Terran Terran
  • Spawn Location: 11:00

HolyHit - Winner!

  • Race: Protoss Protoss
  • Spawn Location: 5:00

Event: 2019 WCS Spring

VOD

Have the link to the VOD?

Description

Time

  • Played on: May 17, 2019, 7:36 a.m.
  • Length: 6:34

All games in this series

Show
View Real Time Build Order
Export as new Build Order

Awers Terran 

Build Orders: Reaper Expand, Mech, Banshee Rush 

Get SALT Encoding   

  12  0:00  SCV  
  13  0:13  SCV  
  14  0:18  Supply Depot  
  14  0:25  SCV  
  15  0:39  SCV  
  15  0:41  Barracks  
  16  0:45  Refinery  
  16  0:51  SCV  
  17  1:04  SCV  
  18  1:16  SCV  
  19  1:28  Orbital Command  
  19  1:29  Reaper  
  20  1:45  Command Center  
  20  1:54  Supply Depot  
  20  1:55  SCV  
  21  2:03  Marine  
  21  2:07  SCV  
  23  2:15  Factory  
  23  2:19  SCV  
  23  2:21  Refinery  
  24  2:22  Barracks Reactor  
  24  2:31  SCV  
  25  2:43  SCV  
  26  2:55  SCV  
  27  2:59  Marine x2  
  27  3:00  Starport  
  27  3:01  Widow Mine  
  31  3:07  SCV  
  31  3:08  Refinery  
  32  3:19  Orbital Command  
  31  3:20  Marine  
  31  3:21  Marine  
  31  3:22  SCV  
  34  3:36  Factory Tech Lab  
  34  3:37  SCV  
  34  3:38  Starport Tech Lab  
  35  3:42  Marine x2  
  35  3:45  SCV, Supply Depot  
  38  3:49  SCV  
  39  3:56  Banshee, Cloaking Field  
  39  3:57  SCV  
  39  4:02  Cyclone  
  46  4:07  SCV  
  48  4:10  SCV  
  48  4:11  Supply Depot  
  48  4:13  Marine  
  48  4:14  Marine  
  50  4:19  SCV  
  51  4:25  SCV  
  52  4:31  SCV  
  52  4:32  Supply Depot  
  52  4:34  Siege Tank  
  52  4:37  Factory  
  56  4:39  SCV  
  56  4:42  Bunker  
  56  4:45  Banshee  
  60  4:47  SCV  
  61  4:53  SCV  
  61  4:56  Factory, Supply Depot  
  61  4:59  SCV  
  63  5:03  Engineering Bay  
  63  5:08  Siege Tank  
  66  5:20  SCV  
  65  5:21  Engineering Bay  
  65  5:22  SCV  
  61  5:30  Missile Turret  
  51  5:43  SCV  
  33  6:01  SCV  
  35  6:04  SCV  
  35  6:13  SCV  
  35  6:16  SCV  
  35  6:31  Refinery  
Show
View Real Time Build Order
Export as new Build Order

HolyHit Protoss - Winner!

Build Orders: 1 Gate Expand, Dark Templar Rush 

Get SALT Encoding   

  12  0:00  Probe  
  13  0:12  Probe  
  14  0:18  Pylon  
  14  0:24  Probe  
  15  0:32  Probe  
  15  0:37  Gateway  
  15  0:40  Probe  
  16  0:46  Assimilator  
  17  0:51  Probe  
  18  1:03  Probe  
  19  1:15  Probe  
  20  1:26  Nexus  
  20  1:35  Cybernetics Core  
  20  1:37  Probe  
  21  1:42  Assimilator  
  21  1:50  Probe  
  22  1:54  Pylon  
  22  2:00  Probe  
  22  2:02  Adept  
  23  2:08  Probe  
  26  2:17  Warp Gate, Probe  
  26  2:25  Twilight Council  
  26  2:29  Probe  
  27  2:36  Stalker  
  29  2:41  Probe  
  31  2:44  Probe  
  31  2:49  Probe  
  31  2:56  Probe  
  31  2:58  Probe  
  34  3:08  Probe  
  34  3:13  Probe  
  34  3:20  Stalker  
  34  3:22  Dark Shrine  
  34  3:23  Probe  
  37  3:27  Probe  
  37  3:30  Robotics Facility  
  38  3:35  Probe x2  
  38  3:40  Gateway  
  40  3:44  Probe  
  40  3:46  Probe  
  40  3:47  Gateway  
  41  3:54  Probe  
  40  3:56  Probe  
  42  4:04  Probe, Pylon  
  42  4:06  Warp Prism  
  42  4:09  Assimilator  
  44  4:10  Probe  
  44  4:11  Assimilator  
  46  4:21  Pylon  
  46  4:22  Probe  
  47  4:27  Probe  
  48  4:34  Probe  
  48  4:36  Dark Templar x2  
  53  4:42  Charge, Shadow Stride  
  53  4:46  Probe  
  53  4:47  Probe  
  53  4:52  Observer  
  55  4:54  Gateway  
  55  4:57  Gateway  
  56  5:02  Shield Battery  
  56  5:11  Shield Battery  
  56  5:15  Gateway  
  56  5:25  Dark Templar x3  
  62  5:43  Pylon  
  62  5:45  Pylon  
  62  5:55  Pylon  
  60  5:58  Pylon  
  60  6:01  Pylon  
  60  6:02  Dark Templar x3  
  60  6:03  Zealot  
  60  6:04  Zealot  
  68  6:21  Zealot  
  68  6:24  Zealot x2  
Tags
 
Add a new tag
Caveats
  • Supply blocks, unpowered buildings, or Contaminate may cause inaccurate times.
  • Supply counts are checked every 10 seconds.